 Dungeon Crawl Stone Soup version 0.25-a0-1079-g858b6a6ff6 (webtiles) character file.

Game seed: 7775397861498635322, levelgen mode: classic

815 Amnesiac the Ducker (level 7, -6/44 HPs)
             Began as a Deep Elf Fighter on May 15, 2020.
             Killed by divine providence
             ... invoked by an orc priest
              (14 damage)
             ... on level 4 of the Dungeon.
             The game lasted 00:07:00 (4054 turns).

Amnesiac the Ducker (Deep Elf Fighter)              Turns: 4054, Time: 00:07:00

Health: -6/44      AC: 11    Str: 15    XL:     7   Next: 62%
Magic:  10/10      EV:  7    Int: 13    God:
Gold:   0          SH:  9    Dex: 20    Spells: 6/6 levels left

rFire    . . .     SeeInvis .   a - +2 whip (elec)
rCold    . . .     Gourm    .   c - +0 kite shield
rNeg     . . .     Faith    .   y - +0 chain mail
rPois    .         Spirit   .   (no helmet)
rElec    .         Reflect  .   i - +1 cloak
rCorr    .         Harm     .   (no gloves)
MR       .....                  (no boots)
Stlth    ..........             (no amulet)
HPRegen  0.14/turn              w - +6 ring of dexterity
MPRegen  0.12/turn              (no ring)

@: lethally poisoned (-6 -> -11)
A: no striking features
a: no special abilities


You were on level 4 of the Dungeon.
You were not hungry.

You visited 1 branch of the dungeon, and saw 5 of its levels.

You collected 150 gold pieces.
You spent 150 gold pieces at shops.

Inventory:

Hand Weapons
 a - a +2 whip of electrocution (weapon)
 b - a +0 hunting sling
 m - a +0 war axe
Missiles
 e - 73 stones (quivered)
 A - 32 arrows
Armour
 c - a +0 kite shield (worn)
 i - a +1 cloak (worn)
 y - a +0 chain mail (worn)
Jewellery
 w - a +6 ring of dexterity (left hand)
Wands
 z - a wand of disintegration (4)
Scrolls
 g - 2 scrolls of enchant armour {!r}
 h - a scroll of blinking {!r}
 j - 2 scrolls of remove curse {!r}
 l - 3 scrolls of enchant weapon {!r}
 x - 4 scrolls of teleportation {!r}
 B - a scroll of fog {!r}
Potions
 d - a potion of might {!q}
 k - a potion of curing {!q, unknown}
 p - a potion of ambrosia {!q, unknown}
 t - a potion of lignification {!q}
 u - 4 potions of haste {!q}
 v - a potion of cancellation {!q}
Comestibles
 f - 8 rations
 q - 4 chunks of flesh


   Skills:
 + Level 4.5 Fighting
 - Level 2.0 Axes
 + Level 4.5 Armour
 + Level 5.3 Dodging
 - Level 2.4 Shields
 + Level 2.6 Evocations


You had 6 spell levels left.
You didn't know any spells.
Your spell library was empty.

Dungeon Overview and Level Annotations

Branches:
Dungeon (5/15)
 Temple: D:4-7

Altars:
Elyvilon
Hepliaklqana
Nemelex Xobeh
Sif Muna
Trog
Vehumet
Yredelemnul
Zin

Shops:
D:4 ?


Message History

You are electrocuted!
A slave comes into view.
Evoke which item? (* to show all) (? for menu, Esc to quit)
Aiming: Disintegrate
Press: ? - help, Shift-Dir - straight line, f/p - Pikel
Aim: Pikel, wielding a +2 whip of electrocution and wearing a +0 robe (severely wounded, fast, chance to defeat MR: 65%) Pikel struggles to resist.
You block Pikel's attack.
A slave comes into view.
A slave comes into view.
Pikel hits you with a +2 whip of electrocution.
* * * LOW HITPOINT WARNING * * *
Evoke which item? (* to show all) (? for menu, Esc to quit)
Aiming: Disintegrate
Press: ? - help, Shift-Dir - straight line, f/p - Pikel
Aim: Pikel, wielding a +2 whip of electrocution and wearing a +0 robe (severely wounded, fast, chance to defeat MR: 65%) Pikel is blasted!
You blow up Pikel!
Your Fighting skill increases to level 4!
Your Armour skill increases to level 4!
Your Dodging skill increases to level 5!
Your Evocations skill gained 2 levels and is now at level 2!
You have reached level 7!
With Pikel's spell broken, the former slaves thank you for their freedom.
You swap places.
Things that are here:
a +2 whip of electrocution; a +0 robe
m - a +2 whip of electrocution Adjust (i)tems, (s)pells, or (a)bilities?
Adjust which item? (? for menu, Esc to quit)
Okay, then.
Adjust (i)tems, (s)pells, or (a)bilities?
Adjust which item? (? for menu, Esc to quit)
m - a +2 whip of electrocution Adjust to which letter? (? for menu, Esc to quit)
a - a +2 whip of electrocution;
m - a +0 war axe You hear the crackle of electricity.
a - a +2 whip of electrocution (weapon)
You see here an inedible chunk of flesh.
The iguana bites the freed slave!
An orc comes into view. It is wielding a +0 club.
The freed slave hits the iguana.
There are monsters nearby!
There are monsters nearby!
There are monsters nearby!
A worker ant comes into view.
The freed slave barely misses the iguana.
You see here an inedible chunk of flesh.
You swap places.
The freed slave hits something!
The orc priest shouts!
The worker ant bites you but does no damage.
The worker ant bites you.
* * * LOW HITPOINT WARNING * * *
You are poisoned.
The worker ant poisons you!
You hit the worker ant but do no damage.
You feel sick.
The orc priest invokes the aid of Beogh against you.
Beogh smites you!
* * * LOW HITPOINT WARNING * * *
The worker ant barely misses you.
The orc priest calls down the wrath of Beogh upon you.
Beogh smites you!
You die...

................. #..#...#..#
#.#..#......#.###.# #...#.#...#
................... #####.....#
.....###....#.##..# #...#.#...#
.....####...#.##..# #..#...#..#
....รท.............#
#.#.....#.#
............#.##..####.......##
.....####..##.##....#.o...####
###.........#.##@............#
#.....%%.....a............#. ..
#..####.#.#.###..##......#..##.
............###..####...#...#..
..............p#..# ##.........
#.#.##.#.#..####..# ########..
..##.#.##.[..#..##### #o.
........l.##p#.Z#...# ##..
(.....###.##.#..#...#######...


You could see a worker ant, an orc priest and a howler monkey skeleton
(wandering).

Vanquished Creatures
  Pikel (D:4)
  A phantom (D:4)
  A bullfrog (D:2)
  A water moccasin skeleton (D:4)
  A worker ant (D:4)
  2 gnolls (D:3)
  5 adders
  A worm (D:3)
  2 dart slugs
  7 orcs
  14 giant cockroaches
  5 goblins
  4 hobgoblins
  6 kobolds
  3 ball pythons
  5 bats (D:1)
  7 frilled lizards
  6 rats
72 creatures vanquished.

Vanquished Creatures (others)
  An iguana (D:4)
  An orc (D:4)
  A goblin (D:2)
3 creatures vanquished.

Grand Total: 75 creatures vanquished

Notes
Turn   | Place    | Note
-------+----------+-------------------------------------------
     0 | D:1      | Amnesiac the Deep Elf Fighter began the quest for the Orb.
     0 | D:1      | Reached XP level 1. HP: 13/13 MP: 3/3
   376 | D:1      | Reached XP level 2. HP: 10/18 MP: 4/4
   724 | D:1      | Reached skill level 1 in Dodging
  1003 | D:2      | Reached XP level 3. HP: 16/22 MP: 5/5
  1479 | D:2      | Found a radiant altar of Vehumet.
  1524 | D:2      | Noticed a bullfrog
  1538 | D:2      | Killed a bullfrog
  1538 | D:2      | Reached skill level 2 in Dodging
  1538 | D:2      | Reached XP level 4. HP: 24/28 MP: 6/6
  1582 | D:2      | Found a bloodstained altar of Trog.
  1582 | D:2      | Found a sparkling altar of Nemelex Xobeh.
  1583 | D:2      | Found a white marble altar of Elyvilon.
  1947 | D:3      | Found a shimmering blue altar of Sif Muna.
  1967 | D:3      | Found a basalt altar of Yredelemnul.
  1968 | D:3      | Found a hazy altar of Hepliaklqana.
  2145 | D:3      | Found a glowing silver altar of Zin.
  2178 | D:3      | Reached skill level 3 in Dodging
  2178 | D:3      | Reached XP level 5. HP: 30/32 MP: 7/7
  2988 | D:4      | Noticed a phantom
  3027 | D:4      | Killed a phantom
  3417 | D:3      | Reached XP level 6. HP: 31/38 MP: 8/8
  3785 | D:4      | Reached skill level 4 in Dodging
  3791 | D:5      | Entered Level 5 of the Dungeon
  3822 | D:4      | Found Ryorch's Magic Scroll Emporium.
  3831 | D:4      | Bought a scroll of identify for 20 gold pieces
  3831 | D:4      | Bought a scroll of enchant weapon for 75 gold pieces
  3831 | D:4      | Bought a scroll of fog for 20 gold pieces
  3831 | D:4      | Bought a scroll of amnesia for 35 gold pieces
  4021 | D:4      | Noticed Pikel
  4025 | D:4      | Noticed a slave
  4028 | D:4      | Noticed a slave
  4029 | D:4      | Noticed a slave
  4030 | D:4      | Noticed a slave
  4031 | D:4      | Killed Pikel
  4031 | D:4      | Reached skill level 5 in Dodging
  4031 | D:4      | Reached XP level 7. HP: 21/44 MP: 8/10
  4054 | D:4      | Killed from afar by an orc priest

Illustrated notes

Levels and vault maps discovered:
D:1:      eino_arrival_water_cross, layout_basic
D:2:      minmay_roachtagon, layout_rooms, fiery_altar_vehumet,
          chequers_temple_overflow_statue_of_worship, first_ration
D:3:      layout_basic, nicolae_overflow_quartered_altars,
          kennysheep_generic_room_2
D:4:      layout_basic, old_standard_altar, serial_shops, nicolae_shop_stone,
          hangedman_decor_diamond_cutter, uniq_pikel
D:5:      layout_cave_pools

Skill      XL: |  1  2  3  4  5  6 |
---------------+-------------------+-----
Axes           | 2 |  2.0
Dodging        | 1 2 3 5 |  5.3
Fighting       | 3 4 |  4.5
Armour         | 3 4 |  4.5
Evocations     | 2 |  2.6
Shields        | |  2.4

Action                   |  1- 3 |  4- 6 |  7- 9 || total
-------------------------+-------+-------+-------++-------
Melee: War axe           |    58 |    10 |       ||    68
       Whip              |       |       |     1 ||     1
 Fire: Hunting sling     |    44 |   190 |       ||   234
Throw: Stone             |    36 |       |       ||    36
Evoke: Wand              |       |     7 |     1 ||     8
  Use: Potion            |     1 |       |       ||     1
       Scroll            |       |     9 |       ||     9
  Eat: Chunk             |     2 |     8 |       ||    10
Armor: Scale mail        |    29 |     6 |       ||    35
       Chain mail        |       |    38 |     1 ||    39
Dodge: Dodged            |    27 |    30 |     1 ||    58
Block: Kite shield       |    33 |    52 |       ||    85

Table legend:
 A = Non-vault XP
 B = Vault XP
 C = Vault XP percentage of total XP
 D = Non-vault monster count
 E = Vault monster count
 F = Vault count percentage of total count
                 A         B        C        D         E       F
            +---------+---------+-------+---------+---------+-------
      Total |     476 |     689 |  59.1 |      58 |      14 |  19.4
            +---------+---------+-------+---------+---------+-------
        D:1 |      27 |       0 |   0.0 |      19 |       0 |   0.0
        D:2 |     133 |      24 |  15.3 |      16 |      12 |  42.9
        D:3 |      62 |      14 |  18.4 |      11 |       1 |   8.3
        D:4 |     254 |     651 |  71.9 |      12 |       1 |   7.7
            +---------+---------+-------+---------+---------+-------
